 Dungeon Crawl Stone Soup version 0.31-a0-233-g139696dc86 (webtiles) character file.

Game seed: 3847175324265215153

85167 Shard1697 the Carver (level 16, 0/118 HPs)
             Began as a Djinni Reaver on July 8, 2023.
             Was an Initiate of Gozag.
             Shot with a bolt by Vashnia (32 damage)
             ... on level 3 of the Snake Pit.
             The game lasted 00:56:52 (25552 turns).

Shard1697 the Carver (Djinni Reaver)               Turns: 25552, Time: 00:56:53

Health: 0/118      AC: 26    Str: 14    XL:     16   Next: 30%
Gold:   3140       EV: 19    Int: 28    God:    Gozag SH: 10 Dex: 19

rFire   + + .        a - +6 demon blade (drain)
rCold   x . .        c - +4 buckler of the Skies Above {Int+2}
rNeg    + . .        w - +3 pearl dragon scales
rPois   ∞            s - +2 helmet {Int+3}
rElec   .            h - +0 cloak
rCorr   .            m - +2 pair of gloves
SInv    .            (boots unavailable)
Will    +....        (no amulet) Stlth
                     l - +5 ring of evasion
HPRegen 0.39/turn    g - +6 ring of intelligence
MPRegen 0.00/turn

%: infuse magic (-1 HP)
@: flying
A: sickness immunity, fire resistance 2, cold vulnerability 1, float, innate
caster, HP casting, extra vitality 1, agile 1, strong 1
a: Renounce Religion, Potion Petition, Call Merchant, Bribe Branch


You were on level 3 of the Snake Pit.
You worshipped Gozag.
Gozag was most pleased with you.
You visited 5 branches of the dungeon, and saw 22 of its levels.

You collected 5784 gold pieces.
You spent 1976 gold pieces at shops.
You paid 668 gold pieces to Gozag.

Inventory:

Hand Weapons
 a - a +6 demon blade of draining (weapon)
Armour
 c - the +4 buckler of the Skies Above (worn) {Int+2}
   (You acquired it on level 6 of the Dungeon)

   Int:       It affects your intelligence (+2).
 h - a +0 cloak (worn)
 m - a +2 pair of gloves (worn)
 s - a +2 helmet of intelligence (worn)
 w - +3 pearl dragon scales (worn)
Jewellery
 b - a ring of protection from cold
 g - a +6 ring of intelligence (right hand)
 l - a +5 ring of evasion (left hand)
 B - a ring of see invisible
 C - a ring of wizardry
Wands
 o - a wand of roots (13)
 p - a wand of quicksilver (9)
 u - a wand of flame (25)
 v - a wand of paralysis (6)
 D - a wand of digging (6)
 G - a wand of mindburst (8)
 H - a wand of polymorph (3)
Scrolls
 j - a scroll of blinking
 k - 4 scrolls of immolation
 n - 11 scrolls of identify
 q - 3 scrolls of revelation
 t - 3 scrolls of vulnerability
 y - a scroll of brand weapon
 E - 2 scrolls of teleportation
Potions
 d - a potion of ambrosia
 e - a potion of curing
 f - 2 potions of resistance
 i - 3 potions of mutation
 r - 4 potions of lignification
 x - 2 potions of attraction
 z - a potion of magic
 A - 2 potions of enlightenment
 F - a potion of brilliance
 I - 2 potions of heal wounds
 J - a potion of cancellation
 K - 2 potions of haste


   Skills:
 + Level 11.6 Fighting
 + Level 14.9 Long Blades
 - Level 11.0 Armour
 - Level 10.3 Dodging
 - Level 5.8 Shields
 + Level 9.6 Spellcasting
 + Level 9.6 Conjurations
 + Level 9.6 Hexes
 + Level 9.6 Summonings
 + Level 9.6 Necromancy
 + Level 9.6 Translocations
 + Level 9.6 Transmutations
 + Level 9.6 Fire Magic
 + Level 9.6 Ice Magic
 + Level 9.6 Air Magic
 + Level 9.6 Earth Magic
 + Level 9.6 Poison Magic
 - Level 5.2 Evocations


You knew the following spells:

 Your Spells              Type           Power      Damage    Failure   Level
a - Kiss of Death         Conj/Necr      100%       2d13      1%          1
b - Momentum Strike       Conj/Tloc      100%       3d10      1%          2
c - Hailstorm             Conj/Ice       61%        3d13      1%          3
d - Freeze                Ice            100%       1d10      1%          1
e - Teleport Other        Tloc           61%        N/A       1%          3
f - Dazzling Flash        Conj/Hex       100%       N/A       1%          3
g - Anguish               Hex/Necr       30%        N/A       4%          4
h - Alistair's Intoxicat  Tmut/Pois      40%        N/A       12%         5
i - Simulacrum            Ice/Necr       30%        N/A       54%         6
t - Call Imp              Summ           100%       N/A       1%          2
Your spell library was empty.

Dungeon Overview and Level Annotations

Branches:
Dungeon (12/15)            Temple (1/1) D:5            Lair (5/5) D:11
  Swamp (0/4) Lair:3        Snake (3/4) Lair:3        Slime (0/5) Lair:5
    Orc (1/2) D:12

Altars:
Ashenzari
Cheibriados
Dithmenos
Elyvilon
Fedhas
Gozag
Hepliaklqana
Makhleb
Nemelex Xobeh
Okawaru
Qazlal
Ru
Trog
Uskayaw
Wu Jian
Xom
Yredelemnul
Zin
The Shining One

Shops:
D:6 *   D:11 (   Snake:1 *   Snake:2 [[!

Annotations:
D:9 exclusion: oklob plant
D:10 1 runed translucent door, pigah's ghost, journeyman OpWn
Snake:2 Nikola
Snake:3 Vashnia


Innate Abilities, Weirdness & Mutations

You are immune to sickness and miasma.
You are immune to poison.
Your flesh is very heat resistant. (rF++)
You are vulnerable to cold. (rC-)
You float through the air rather than walking.
You learn spells naturally, not from books.
Your magical power is your life essence.
You have superior vitality. (+4 MHP)
You are agile. (Dex +4, Str/Int -1)
Your muscles are strong. (Str +4, Int/Dex -1)


Message History

Unknown command.
You hit Vashnia. You drain Vashnia.
Vashnia is lightly wounded.
Vashnia shoots a bolt.
The bolt hits you but does no damage.
You closely miss Vashnia.
Vashnia is lightly wounded.
You barely miss Vashnia.
Vashnia is lightly wounded.
Vashnia shoots a bolt.
The bolt hits you!
You closely miss Vashnia.
Vashnia is lightly wounded.
You miss Vashnia.
Vashnia is lightly wounded.
You hit Vashnia.
Vashnia is lightly wounded.
Vashnia spits poison at you. You block the splash of poison.
You hit Vashnia.
Vashnia is moderately wounded.
Vashnia shoots a bolt.
The bolt hits you!!
You hit Vashnia.
Vashnia is moderately wounded.
You completely miss Vashnia.
Vashnia is moderately wounded.
You hit Vashnia but do no damage.
Vashnia is moderately wounded.
Vashnia mumbles some strange words.
Vashnia magically shoots a bolt.
The bolt hits you!!
Casting: Anguish (dangerous; 4% risk of failure)
Confirm with . or Enter, or press ? or * to list all spells.
Casting: Dazzling Flash (safe; 1% risk of failure)
Press: ? - help, Dir - look around, f - activate Vashnia shoots a bolt.
You block the bolt.
The naga sharpshooter gestures wildly while chanting.
The naga sharpshooter magically shoots an arrow.
The arrow hits you!!
* * * LOW HITPOINT WARNING * * *
Vashnia shoots a bolt.
The bolt hits you!!
You die...
Your body crumbles into a pile of gold.

#...# ##.#..## #..N#
#....## #.#.## #.N.##
###.N## #.[)[## #...##
##....## #....##
##)...## ##....##
##...<..#####
##....####...#.......#
##..#.##@..###.....##
##...#...## ##....#
##.#N$.## ######
##N..### ##....##
##..#.##
##....###########
##........#....#..
##....)...)......


You could see Vashnia (catching breath, drained) and a naga sharpshooter.

Vanquished Creatures
  Gastronok (Lair:1)
  Nessos (Lair:3)
  A fire dragon (Lair:5)
  Erolcha (D:11)
  A hydra (Lair:4)
  4 anacondas
  6 two-headed ogres
  2 catoblepae
  A boulder beetle (D:12)
  6 naga warriors
  11 death yaks
  9 naga sharpshooters
  4 shock serpents
  Amaemon (Lair:1)
  3 skysharks
  Pikel (D:5)
  2 lindwurms (Lair:5)
  A mana viper (Snake:1)
  2 naga ritualists
  A deep elf pyromancer (D:12)
  An orc sorcerer (Orc:1)
  2 oklob plants (Lair:5)
  5 salamanders
  A manticore (D:11)
  A cyclops (D:11)
  8 naga magi
  21 black mambas
  Maurice (D:11)
  5 gargoyles
  5 cane toads
  9 elephants
  5 torpor snails (Lair:5)
  Maggie (D:6)
  An orange demon (Lair:1)
  4 rime drakes
  An unseen horror (D:10)
  8 komodo dragons
  3 polar bears
  2 trolls
  3 meliai (Lair:4)
  6 hornets (Lair:5)
  3 tyrant leeches (Lair:5)
  18 blink frogs
  6 wyverns
  9 spriggans (Lair:4)
  A vampire (D:10)
  A shadow (D:10)
  Grum (D:11)
  29 yaks
  3 basilisks (Lair:4)
  4 vampire mosquitoes (D:11)
  A steam dragon (D:7)
  16 nagas
  An acid dragon (D:9)
  14 water moccasins
  5 orc warriors
  2 black bears
  15 wolves
  2 ogres (D:5)
  2 centaurs
  5 kobold brigands
  6 bullfrogs
  2 scorpions
  7 wights (D:9)
  49 killer bees
  An electric eel (Lair:1)
  5 howler monkeys
  A gnoll bouda (D:6)
  5 hounds
  13 orc priests
  3 jellies
  Terence (D:3)
  3 iguanas
  3 sleepcaps
  10 orc wizards
  2 scorpion zombies (D:4)
  A hound zombie (D:4)
  A hound skeleton (D:4)
  8 gnolls
  13 adders
  2 white imps (D:5)
  2 adder skeletons (D:4)
  A worm (D:3)
  A dart slug (D:1)
  43 orcs
  4 ball pythons
  7 endoplasms
  2 giant cockroaches
  3 goblins
  7 hobgoblins
  8 jackals (D:2)
  19 kobolds
  5 quokkas
  3 bats
  A rat (D:2)
532 creatures vanquished.

Vanquished Creatures (collateral kills)
  A death yak (Lair:5)
  An orc sorcerer (D:12)
  2 hornets (Lair:5)
  2 yaks (Lair:2)
  A wolf (D:11)
  A bullfrog (Lair:1)
  A wight (D:9)
  3 killer bees
  A howler monkey (D:9)
  An adder (D:6)
  3 orcs
  7 kobolds (D:11)
24 creatures vanquished.

Grand Total: 556 creatures vanquished

Notes
Turn   | Place    | Note
-------+----------+-------------------------------------------
     0 | D:1      | Shard1697 the Djinni Reaver began the quest for the Orb.
     0 | D:1      | Shard1697 set off with the following spells memorised: Kiss
                  | of Death, Momentum Strike, Hailstorm.
     0 | D:1      | Reached XP level 1. HP: 18/18 MP: 0/0
   268 | D:1      | Reached skill level 3 in Long Blades
   268 | D:1      | Reached XP level 2. HP: 23/23 MP: 0/0
   771 | D:1      | Found a faded altar of an unknown god.
   820 | D:2      | Reached XP level 3. HP: 23/28 MP: 0/0
   820 | D:2      | Learned a level 1 spell: Freeze
  1097 | D:2      | Reached XP level 4. HP: 31/33 MP: 0/0
  1158 | D:2      | Identified the +0 robe of Qoysaj {MP+9 Int+5}
  1359 | D:2      | Reached skill level 4 in Long Blades
  2239 | D:3      | Noticed Terence
  2247 | D:3      | Killed Terence
  2248 | D:3      | Reached XP level 5. HP: 36/38 MP: 0/0
  2248 | D:3      | Learned a level 2 spell: Call Imp
  2685 | D:3      | Reached skill level 5 in Long Blades
  2685 | D:3      | Reached XP level 6. HP: 24/38 MP: 0/0
  3725 | D:4      | Found a shimmering altar of Xom.
  3898 | D:4      | You are sucked into a shaft and drop 1 floor!
  3898 | D:5      | Entered Level 5 of the Dungeon
  3898 | D:5      | Found Zin's Purification Station.
  3898 | D:5      | Found a glowing silver altar of Zin.
  3901 | D:5      | Bought a potion of curing for 90 gold pieces
  3931 | D:5      | Reached XP level 7. HP: 45/49 MP: 0/0
  3931 | D:5      | Learned a level 3 spell: Teleport Other
  3964 | D:5      | Gained mutation: Your muscles are strong. (Str +4, Int/Dex
                  | -1) [potion of mutation]
  3964 | D:5      | Gained mutation: You are agile. (Dex +4, Str/Int -1)
                  | [potion of mutation]
  3977 | D:5      | Reached skill level 6 in Long Blades
  4382 | D:5      | Noticed Pikel
  4650 | D:4      | Found an ornate altar of the Wu Jian Council.
  4824 | D:4      | Reached XP level 8. HP: 56/57 MP: 0/0
  5269 | D:5      | Killed Pikel
  5270 | D:5      | Reached skill level 5 in Fighting
  5270 | D:5      | Reached skill level 7 in Long Blades
  5528 | D:5      | Found a staircase to the Ecumenical Temple.
  5537 | Temple   | Entered the Ecumenical Temple
  5558 | Temple   | Became a worshipper of Gozag Ym Sagoz the Greedy
  5608 | D:5      | Reached XP level 9. HP: 65/65 MP: 0/0
  5608 | D:5      | Learned a level 3 spell: Dazzling Flash
  5806 | D:6      | Found an iron altar of Okawaru.
  5826 | D:5      | Reached skill level 1 in Shields
  5868 | D:5      | Reached skill level 8 in Long Blades
  5896 | D:6      | Noticed Maggie
  5983 | D:6      | Killed Maggie
  6194 | D:6      | Identified a scroll of acquirement
  6194 | D:6      | Acquired the +4 buckler of the Skies Above {Int+2}
  6572 | D:6      | Found Gicwiq's CLEARANCE SALE!.
  6646 | D:6      | Found Sokasotz's Antique Weapon Emporium.
  7163 | D:7      | Reached XP level 10. HP: 54/75 MP: 0/0
  7299 | D:7      | Reached skill level 9 in Long Blades
  7445 | D:7      | Found a burning altar of Makhleb.
  7546 | D:6      | Bought +1 pearl dragon scales for 524 gold pieces
  7546 | D:6      | Bought a scroll of identify for 10 gold pieces
  7546 | D:6      | Bought a potion of attraction for 15 gold pieces
  7603 | D:7      | Reached skill level 5 in Spellcasting
  7603 | D:7      | Reached skill level 5 in Conjurations
  7603 | D:7      | Reached skill level 5 in Hexes
  7603 | D:7      | Reached skill level 5 in Summonings
  7603 | D:7      | Reached skill level 5 in Necromancy
  7603 | D:7      | Reached skill level 5 in Translocations
  7603 | D:7      | Reached skill level 5 in Transmutations
  7603 | D:7      | Reached skill level 5 in Fire Magic
  7603 | D:7      | Reached skill level 5 in Ice Magic
  7603 | D:7      | Reached skill level 5 in Air Magic
  7603 | D:7      | Reached skill level 5 in Earth Magic
  7603 | D:7      | Reached skill level 5 in Poison Magic
  7951 | D:8      | Found a stormy altar of Qazlal.
  7954 | D:8      | Found a snail-covered altar of Cheibriados.
  7996 | D:8      | Noticed a two-headed ogre
  8002 | D:8      | Killed a two-headed ogre
  8003 | D:8      | Reached skill level 1 in Armour
  8469 | D:8      | Noticed a gargoyle
  8477 | D:8      | Killed a gargoyle
  8605 | D:8      | Noticed a gargoyle
  8614 | D:8      | Killed a gargoyle
  8615 | D:8      | Reached skill level 10 in Long Blades
  8615 | D:8      | Reached XP level 11. HP: 33/84 MP: 0/0
  8615 | D:8      | Learned a level 4 spell: Anguish
  9338 | D:8      | Noticed a two-headed ogre
  9350 | D:8      | Killed a two-headed ogre
 10256 | D:9      | Identified the +0 leather armour of the End {Int+3 Dex+4}
 10281 | D:9      | Found a blossoming altar of Fedhas.
 10419 | D:9      | Noticed an oklob plant
 10517 | D:10     | Entered Level 10 of the Dungeon
 10531 | D:10     | Identified the +0 chain mail "Ucaun" {Int+3}
 10625 | D:10     | Noticed a two-headed ogre
 10819 | D:10     | Reached skill level 10 in Fighting
 11226 | D:10     | Killed a two-headed ogre
 11276 | D:10     | Found a runed translucent door.
 11277 | D:10     | Noticed pigah's ghost (journeyman OpWn)
 11277 | D:10     | Noticed a manticore
 11326 | D:10     | Reached skill level 11 in Long Blades
 11342 | D:10     | Reached skill level 1 in Evocations
 11561 | D:10     | Reached skill level 5 in Armour
 11725 | D:10     | Found a broken altar of Ashenzari.
 12295 | D:11     | Noticed a two-headed ogre
 12304 | D:11     | Reached XP level 12. HP: 65/91 MP: 0/0
 12308 | D:11     | Killed a two-headed ogre
 12384 | D:11     | Noticed a two-headed ogre
 12400 | D:11     | Killed a two-headed ogre
 12503 | D:11     | Found a staircase to the Lair.
 12525 | D:11     | Noticed Maurice
 12557 | D:11     | Killed Maurice
 12704 | D:11     | Noticed Grum
 12725 | D:11     | Killed Grum
 13237 | D:11     | Noticed a two-headed ogre
 13243 | D:11     | Killed a two-headed ogre
 13386 | D:11     | Noticed Erolcha
 13401 | D:11     | Killed Erolcha
 13583 | D:12     | Noticed a boulder beetle
 13598 | D:12     | Killed a boulder beetle
 13612 | D:12     | Found a staircase to the Orcish Mines.
 13697 | Orc:1    | Entered Level 1 of the Orcish Mines
 13737 | D:12     | Reached skill level 5 in Evocations
 13902 | D:11     | Bought a +4 demon blade of draining for 833 gold pieces
 13920 | Lair:1   | Entered Level 1 of the Lair of Beasts
 13988 | Lair:1   | Noticed Amaemon
 14010 | Lair:1   | Killed Amaemon
 14011 | Lair:1   | Reached skill level 12 in Long Blades
 14041 | Lair:1   | Noticed Gastronok
 14055 | Lair:1   | Killed Gastronok
 14056 | Lair:1   | Reached XP level 13. HP: 82/96 MP: 0/0
 14056 | Lair:1   | Learned a level 5 spell: Alistair's Intoxication
 14234 | Lair:1   | Noticed a catoblepas
 14249 | Lair:1   | Killed a catoblepas
 15555 | Lair:3   | Reached skill level 5 in Shields
 15563 | Lair:3   | Noticed Nessos
 15566 | Lair:3   | Found a staircase to the Snake Pit.
 15853 | Lair:2   | Reached skill level 13 in Long Blades
 16081 | Lair:3   | Found a staircase to the Swamp.
 16783 | Lair:3   | Reached skill level 10 in Armour
 16786 | Lair:3   | Reached XP level 14. HP: 90/103 MP: 0/0
 17572 | Lair:3   | Killed Nessos
 18150 | Lair:4   | Reached skill level 14 in Long Blades
 19061 | Lair:4   | Reached skill level 5 in Dodging
 19216 | Lair:5   | Entered Level 5 of the Lair of Beasts
 19961 | Lair:5   | Reached XP level 15. HP: 103/107 MP: 0/0
 19961 | Lair:5   | Learned a level 6 spell: Simulacrum
 20558 | Lair:5   | Found a staircase to the Slime Pits.
 20799 | Lair:5   | Found a runed translucent door.
 21464 | Lair:5   | Reached skill level 10 in Dodging
 21667 | Snake:1  | Entered Level 1 of the Snake Pit
 22020 | Snake:1  | Found Isioxesch's General Store.
 22028 | Snake:1  | Bought a +5 ring of evasion for 504 gold pieces
 22539 | Snake:1  | Identified the +3 ring mail of the Illusory Loafs {Harm
                  | rElec rPois Str-5}
 23843 | Snake:2  | Reached XP level 16. HP: 116/116 MP: 0/0
 24167 | Snake:2  | Found Xumaco's Distillery.
 24167 | Snake:2  | Found Ryjirerch's Antique Armour Shoppe.
 24185 | Snake:2  | Noticed Nikola
 24636 | Snake:2  | Found Eco Pox's Armour Boutique.
 24706 | Snake:3  | Identified the +4 orcbow of Cobwebs {heavy, rElec Will++
                  | Int-3}
 24806 | Snake:3  | Noticed Vashnia
 25552 | Snake:3  | Shot with a bolt by Vashnia

Illustrated notes

Levels and vault maps discovered:
D:1:      dpeg_arrival_ternary, layout_loops_ring,
          ebering_ecumenical_altar_rust, bh_walls_and_bars
D:2:      layout_basic, kennysheep_flooded_box
D:3:      layout_loops_ring, mainiacjoe_overflow_chevrons, uniq_terence
D:4:      layout_cave_pools, mainiacjoe_overflow_24_doors, lemuel_crystal_altar,
          serial_undead, serial_undead_d, serial_undead_c, serial_undead_e,
          serial_undead_d, serial_undead_c, minmay_misc_feat_pillars
D:5:      layout_loops_ring, nicolae_kikubaaqudgha_miasma_corner, zin_purify,
          minmay_temple_entry_gardened_gates, grunt_ministairs_2,
          minmay_joined_circles, uniq_pikel
D:6:      layout_cave_pools, okawaru_ov_weapons_minmay, serial_shops, shop,
          nicolae_shop_clearance, uniq_maggie
D:7:      layout_loops_ring, bloody_makhleb
D:8:      cheibrodos_statue_roulette, layout_basic,
          mainiacjoe_overflow_large_starburst
D:9:      layout_stronghold, tgw_fedhas
D:10:     layout_loops_ring, evilmike_ruin_ashenzari, ebering_ghost_inner_flame,
          nzn_life_drinkers
D:11:     layout_rooms, lair_entry_dummy, uniq_erolcha, uniq_grum, uniq_maurice
D:12:     layout_gridville, minmay_orc_entry_temple_small,
          corexii_leaking_fountain, small_chamber_with_monster
Temple:   nicolae_temple_ecumenical_triangle
Lair:1:   layout_hall_layers, chequers_serial_rivers_large_a,
          serial_bayou_shore_a, serial_bayou_shore_b, grunt_megastairs_4,
          uniq_amaemon, uniq_gastronok
Lair:2:   layout_loops_ring
Lair:3:   layout_chaotic_city, swamp_mist, guppyfry_snake_entry_garden,
          grunt_megastairs_3, infiniplex_staircase_pool_2, uniq_nessos
Lair:4:   wad_woods_minihive, layout_small_grid, minmay_holes
Lair:5:   wormcave, layout_misc_corridors, minmay_slime_entry_oklob_enclosed,
          lookout_lair_type, dpeg_stationary_puzzle
Snake:1:  layout_cave_pods, serial_shops, shop
Snake:2:  nicolae_snake_nest, layout_cave_pods, serial_shops, shop,
          minmay_shoptagon, lemuel_fruit_tree, uniq_nikola
Snake:3:  layout_concentric_octagons, grunt_megastairs_2, uniq_vashnia
Orc:1:    layout_caves, special_room [special_room_orc]

Skill      XL: |  1  2  3  4  5  6  7  8  9 10 11 12 13 14 15 |
---------------+----------------------------------------------+-----
Long Blades    | 3 4 5 6 7 8 10 11 12 13 14 | 14.9
Spellcasting   | 3 4 5 6 7 8 9 |  9.6
Conjurations   | 3 4 5 6 7 8 9 |  9.6
Hexes          | 3 4 5 6 7 8 9 |  9.6
Summonings     | 3 4 5 6 7 8 9 |  9.6
Necromancy     | 3 4 5 6 7 8 9 |  9.6
Translocations | 3 4 5 6 7 8 9 |  9.6
Transmutations | 3 4 5 6 7 8 9 |  9.6
Fire Magic     | 3 4 5 6 7 8 9 |  9.6
Ice Magic      | 3 4 5 6 7 8 9 |  9.6
Air Magic      | 3 4 5 6 7 8 9 |  9.6
Earth Magic    | 3 4 5 6 7 8 9 |  9.6
Poison Magic   | 3 4 5 6 7 8 9 |  9.6
Fighting       | 3 5 7 9 10 11 | 11.6
Shields        | 3 5 |  5.8
Armour         | 2 5 7 10 11 | 11.0
Evocations     | 2 5 |  5.2
Dodging        | 7 10 | 10.3

Action                     |  1- 3 |  4- 6 |  7- 9 | 10-12 | 13-15 | 16-18 || total
---------------------------+-------+-------+-------+-------+-------+-------++-------
  Melee: Falchion          |    71 |   193 |   228 |   491 |       |       ||   983
         Demon blade       |       |       |       |    24 |  1138 |   164 ||  1326
   Cast: Momentum Strike   |     1 |     6 |    12 |     7 |     1 |       ||    27
         Freeze            |     5 |    14 |    22 |       |       |       ||    41
         Kiss of Death     |       |     2 |     6 |       |     4 |       ||    12
         Teleport Other    |       |       |     1 |       |       |       ||     1
         Hailstorm         |       |       |    13 |     6 |     2 |       ||    21
         Call Imp          |       |       |     5 |    35 |    25 |       ||    65
         Dazzling Flash    |       |       |       |     3 |    15 |    11 ||    29
         Anguish           |       |       |       |     2 |     2 |     2 ||     6
 Invoke: Call Merchant     |       |       |       |     1 |       |       ||     1
  Evoke: Wand              |       |       |       |    21 |     5 |       ||    26
    Use: Scroll            |       |     7 |     5 |    13 |    12 |       ||    37
         Potion            |       |       |     4 |     1 |     3 |       ||     8
   Stab: Sleeping          |       |     1 |       |       |       |       ||     1
         Invisible         |       |       |     1 |     1 |     9 |     7 ||    18
         Distracted        |       |       |     1 |     6 |    14 |       ||    21
         Paralysed         |       |       |       |    21 |     6 |       ||    27
         Petrified         |       |       |       |       |    13 |       ||    13
 Armour: Leather armour    |    25 |    55 |    35 |       |       |       ||   115
         Swamp dragon scal |       |       |    20 |    10 |       |       ||    30
         Pearl dragon scal |       |       |       |   260 |   464 |    43 ||   767
  Dodge: Dodged            |    56 |    99 |   146 |   177 |   373 |   110 ||   961
  Block: Buckler           |     8 |    23 |    57 |   268 |   422 |    73 ||   851

Table legend: (Time is in decaauts)
 A = Elapsed time spent in this place.
 B = Non-inter-level travel time spent in this place.
 C = Inter-level travel time spent in this place.
 D = Time resting spent in this place.
 E = Time spent auto-exploring this place.
 F = Levels seen in this place.
 G = Mean time per level.
                   A        B        C        D        E       F      G
               +--------+--------+--------+--------+--------+-----+--------+
         Total |  25302 |  24321 |    981 |   7326 |  11344 |  22 | 1150.1 |
       Dungeon |  13965 |  13438 |    527 |   3833 |   6498 |  12 | 1163.8 |
        Temple |     38 |     22 |     16 |      0 |      0 |   1 |   38.0 |
          Lair |   7682 |   7409 |    273 |   2014 |   3724 |   5 | 1536.4 |
     Snake Pit |   3530 |   3384 |    146 |   1479 |   1107 |   3 | 1176.7 |
  Orcish Mines |     86 |     69 |     17 |      0 |     15 |   1 |   86.0 |
               +--------+--------+--------+--------+--------+-----+--------+

Top non-repeatable levels by time:
  Lair:4: 2069 daAuts
  Lair:5: 1805 daAuts
 Snake:2: 1799 daAuts
  Lair:3: 1720 daAuts
     D:5: 1658 daAuts
    D:10: 1524 daAuts
     D:8: 1513 daAuts
    D:11: 1482 daAuts
 Snake:1: 1375 daAuts
     D:2: 1351 daAuts
     D:3: 1330 daAuts
  Lair:2: 1312 daAuts
     D:9: 1106 daAuts
     D:7: 1009 daAuts
     D:6: 954 daAuts
